AoeStats
← kevinrgarciab

Nomad

510001188Analyzed
2v2 RM · 4d ago on Sep 29, 2026· 44m 53s· 4 players
Game mode
Random Map
Map size
176×176
Population
200
Speed
Normal
Resources
Standard
Victory
Conquest
Starting age
Dark Age
Ending age
Imperial Age
RankedLock teamsTeams togetherTeam positionsShared explorationLock speedFull tech treeHidden civsTurbo modeCheats
Victory
Defeat
🇪🇨 Mongols · Ecuador
1024
+15
🇨🇱 Dravidians · Chile
1017
+15
🇺🇸 Khmer · United States
1037
-16
🇻🇪 Berbers · Venezuela
975
-14
Gwyn
14:36 Feudal Age
14:57 Loom
18:11 Castle Age
16:25 Horse Collar
17:16 Gold Mining
17:20 Stone Mining
18:00 Double-Bit Axe
19:10 Bow Saw
19:50 Fishing Lines
21:13 Heavy Plow
23:16 Gillnets
26:39 Medium Warships
29:12 Imperial Age
27:21 Wheelbarrow
27:37 Pikeman
32:58 Chemistry
33:59 Fletching
34:10 Padded Archer Armor
35:18 Two-Man Saw
34:24 Elite Skirmisher
36:52 Thumb Ring
37:43 Bodkin Arrow
38:14 Ballistics
38:09 Leather Archer Armor
38:23 Scale Mail Armor
38:34 Forging
38:26 Bracer
41:19 Halberdier
42:00 Squires
41:46 Gambesons
42:41 Medical Corps
43:03 Conscription
43:33 Ring Archer Armor
43:19 Chain Mail Armor
44:16 Wootz Steel
andy_marcelo2012
3:43 Loom
13:14 Feudal Age
13:49 Town Watch
15:00 Fishing Lines
16:21 Wheelbarrow
15:42 Double-Bit Axe
21:54 Castle Age
23:00 Bow Saw
22:32 Horse Collar
22:57 Town Patrol
24:29 Gold Mining
25:36 Hand Cart
26:03 Gold Shaft Mining
26:10 Fletching
26:20 Padded Archer Armor
27:33 Husbandry
27:43 Bloodlines
27:42 Bodkin Arrow
28:02 Leather Archer Armor
29:30 Ballistics
29:37 Gillnets
31:39 Heavy Plow
34:58 Imperial Age
36:48 Chemistry
35:52 Bracer
35:31 Capped Ram
36:34 Siege Ram
39:08 Elite Mangudai
44:15 Drill
kevinrgarciab
16:54 Feudal Age
15:58 Loom
17:27 Fishing Lines
17:52 Double-Bit Axe
19:26 Wheelbarrow
19:30 Horse Collar
19:43 Gold Mining
21:21 Town Watch
24:12 Castle Age
23:04 Stone Mining
25:31 Fletching
25:39 Gillnets
26:16 Kasbah
28:49 Gold Shaft Mining
28:53 Ballistics
29:52 Hand Cart
30:14 Stone Shaft Mining
29:51 Bow Saw
34:05 Imperial Age
32:32 Bloodlines
32:24 Husbandry
33:05 Bodkin Arrow
33:16 Scale Barding Armor
33:13 Padded Archer Armor
34:01 Masonry
33:32 Treadmill Crane
34:05 Masonry
33:53 Murder Holes
34:56 Chain Barding Armor
35:17 Maghrebi Camels
37:13 Maghrebi Camels
37:17 Heavy Camel Rider
40:44 Elite Camel Archer
42:32 Chemistry
41:55 Conscription
42:13 Hoardings
43:12 Arrowslits
ncinko
6:08 Loom
13:34 Feudal Age
19:40 Castle Age
18:08 Double-Bit Axe
19:07 Fishing Lines
21:21 Bow Saw
21:04 Gillnets
21:26 Gold Mining
23:45 Gold Shaft Mining
25:59 Wheelbarrow
25:47 Medium Warships
25:45 Town Watch
27:57 Horse Collar
32:04 Forging
32:21 Heavy Plow
37:43 Imperial Age
35:34 Bloodlines
37:04 Iron Casting
36:35 Scale Barding Armor
37:25 Ballistics
37:12 Husbandry
39:32 Crop Rotation
40:32 Blast Furnace
41:24 Tusk Swords
42:28 Elite Battle Elephant
43:41 Stone Mining
Connection lost

Rejoining the realm…

Still unreachable

The connection could not be restored.

Session expired

The server has moved on; the page needs a fresh start.